 Dungeon Crawl Stone Soup version 0.24.0-13-gcf9b319 (webtiles) character file.

Game seed: 5363382283919163118, levelgen mode: deterministic

1044 Fang the Shield-Bearer (level 8, -12/51 HPs)
             Began as a Gargoyle Fighter on Dec 20, 2019.
             Mangled by an orc warrior
             ... wielding a +0 flail
              (13 damage)
             ... on level 5 of the Dungeon.
             The game lasted 00:04:59 (5745 turns).

Fang the Shield-Bearer (Gargoyle Fighter)           Turns: 5745, Time: 00:05:00

Health: -12/51     AC: 20    Str: 26    XL:     8   Next: 25%
Magic:  8/8        EV:  5    Int: 10    God:
Gold:   208        SH: 10    Dex:  9    Spells: 7/7 levels left

rFire    . . .     SeeInvis .   a - +1 war axe
rCold    . . .     Gourm    .   B - +0 shield
rNeg     + . .     Faith    .   b - +2 plate armour
rPois    ∞         Spirit   .   (no helmet)
rElec    +         Reflect  .   (no cloak)
rCorr    .         Harm     .   (no gloves)
MR       .....                  (no boots)
Stlth    ..........             (no amulet)
HPRegen  0.17/turn              (no ring)
MPRegen  0.11/turn              (no ring)

@: mighty
A: negative energy resistance 1, electricity resistance, unbreathing,
petrification resistance, rot immunity, AC +5
a: no special abilities


You were on level 5 of the Dungeon.
You were not hungry.

You visited 1 branch of the dungeon, and saw 5 of its levels.

You collected 208 gold pieces.

Inventory:

Hand Weapons
 a - a +1 war axe (weapon)
Armour
 b - a +2 plate armour (worn)
 B - a +0 shield (worn)
Wands
 n - a wand of acid (8)
Scrolls
 i - a scroll of teleportation
 j - a scroll of identify
Potions
 d - a potion of might
 e - 3 potions of cancellation {unknown}
 f - a potion of agility
 g - a potion of invisibility {unknown}
 h - 5 potions of curing {unknown}
 k - a potion of flight {unknown}
 q - a potion of mutation {unknown}
Comestibles
 c - 11 rations
 l - 8 chunks of flesh


   Skills:
 + Level 6.1 Fighting
 + Level 4.5 Axes
 + Level 6.0 Armour
 + Level 6.1 Shields


You had 7 spell levels left.
You didn't know any spells.
Your spell library contained the following spells:

 Spells                   Type           Power        Failure   Level  Hunger
 Magic Dart               Conj           #...         100%        1    ##.....
 Blink                    Tloc           N/A          100%        2    ###....
 Call Imp                 Summ           #.......     100%        2    ###....
 Slow                     Hex            #.......     100%        2    ###....
 Conjure Flame            Conj/Fire      #.......     100%        3    ####...
 Mephitic Cloud           Conj/Pois/Air  #.......     100%        3    ####...


Dungeon Overview and Level Annotations

Branches:
Dungeon (5/15)
 Temple: D:4-7

Altars:
Ashenzari
Dithmenos
Fedhas
Wu Jian
Yredelemnul
Zin

Annotations:
D:5 Pikel


Innate Abilities, Weirdness & Mutations

You are resistant to torment.
Your stone body is resilient. (AC +5)
You are immune to poison.
You resist negative energy. (rN+)
You are resistant to electric shocks. (rElec)
You can survive without breathing.
You are immune to petrification.
You are immune to rotting.


Message History

You are too injured to fight recklessly!
You are too injured to fight recklessly!
You are too injured to fight recklessly!
You are too injured to fight recklessly!
You are too injured to fight recklessly!
You are too injured to fight recklessly!
The orc priest calls down the wrath of Beogh upon you.
Beogh smites you!
* * * LOW HITPOINT WARNING * * *
You see here 12 gold pieces.
Okay, then.
You feel very mighty all of a sudden.
The orc warrior hits you but does no damage.
The slave barely misses you.
You slash the orc warrior!
The orc warrior is heavily wounded.
You hit the shadow imp. You closely miss the slave.
The slave hits you but does no damage.
The orc warrior hits you with a +0 flail!
You die...

........#.**#...!.#.#.,...#...#..
........#####........#..#.....<..
.........#.##........#..#........
..###.......................#....
...###.....#*..............,#.<..
.........#.##*#..)..(......##....
.........#..####.o...............
..#..........##po5..##......#....
..##.........#..@.###**,#..##....
.######.####...#..# **##.#.....
## #.# #....#### #.)..... ###
#...## #...#... ###.# ###.####
### ###


You could see an orc warrior, a slave, an orc priest and a shadow imp.

Vanquished Creatures
  Edmund (D:5)
  A slave (D:5)
  An ogre (D:4)
  A phantom (D:5)
  A hound (D:4)
  A bullfrog skeleton (D:4)
  An orc priest (D:5)
  Terence (D:3)
  A worker ant (D:4)
  Natasha (thrice) (D:2)
  2 iguanas (D:5)
  7 orc wizards
  A hound zombie (D:5)
  A worker ant zombie (D:5)
  8 gnolls
  10 adders
  2 oozes
  An adder skeleton (D:5)
  5 worms
  3 leopard geckos
  14 orcs
  A bat (D:1)
  5 giant cockroaches
  5 goblins
  7 hobgoblins
  6 jackals
  4 quokkas
  A ball python (D:3)
  3 frilled lizards
  3 kobolds
  8 rats
  A spectral orc (D:4)
110 creatures vanquished.

Notes
Turn   | Place    | Note
-------+----------+-------------------------------------------
     0 | D:1      | Fang the Gargoyle Fighter began the quest for the Orb.
     0 | D:1      | Reached XP level 1. HP: 14/14 MP: 1/1
   172 | D:1      | Reached XP level 2. HP: 19/19 MP: 2/2
   767 | D:2      | Noticed Natasha
   773 | D:2      | Killed Natasha
   773 | D:2      | Reached XP level 3. HP: 5/24 MP: 3/3
  1142 | D:2      | Reached XP level 4. HP: 18/29 MP: 4/4
  1573 | D:2      | Found a shattered altar of Ashenzari.
  1654 | D:2      | Reached XP level 5. HP: 30/33 MP: 5/5
  1736 | D:2      | Noticed Natasha
  1741 | D:2      | Killed Natasha
  1777 | D:2      | Noticed Natasha
  1798 | D:2      | Killed Natasha
  2636 | D:3      | Noticed Terence
  2645 | D:3      | Killed Terence
  2723 | D:3      | Found a shadowy altar of Dithmenos.
  2733 | D:3      | Found a glowing silver altar of Zin.
  2797 | D:3      | Reached XP level 6. HP: 33/39 MP: 6/6
  2956 | D:3      | Found a blossoming altar of Fedhas.
  3391 | D:3      | Found an ornate altar of the Wu Jian Council.
  3594 | D:4      | Reached skill level 5 in Fighting
  3606 | D:4      | Reached skill level 5 in Shields
  4016 | D:4      | Reached skill level 5 in Armour
  4016 | D:4      | Reached XP level 7. HP: 38/44 MP: 7/7
  4214 | D:4      | Found a basalt altar of Yredelemnul.
  4950 | D:5      | Entered Level 5 of the Dungeon
  5100 | D:5      | Noticed Pikel
  5100 | D:5      | Noticed Edmund
  5258 | D:5      | HP: 1/44 [Edmund/+0 dire flail of protection (5)]
  5266 | D:5      | Killed Edmund
  5280 | D:5      | Reached XP level 8. HP: 3/51 MP: 8/8
  5743 | D:5      | HP: 1/51 [orc priest/divine providence (14)]
  5745 | D:5      | Mangled by an orc warrior

Levels and vault maps discovered:
D:1:      beargit_arrival_greenhouse, layout_loops_corners
D:2:      layout_loops_cross, evilmike_ruin_ashenzari, serial_rivers,
          chequers_serial_rivers_micro_c, chequers_serial_rivers_room_a,
          chequers_serial_rivers_marsh, chequers_serial_rivers_marsh,
          chequers_serial_rivers_room_b, uniq_natasha
D:3:      layout_loops_ring, nicolae_overflow_hidden_temple,
          fedhas_ov_isle_minmay, amethyst_overflow_temple_binary, uniq_terence
D:4:      layout_basic, yredelemnul_forgotten_temple_becter, first_ration,
          kennysheep_boxes
D:5:      layout_cave_pools, grunt_decor_mini_mirrors, uniq_eustachio,
          uniq_pikel, uniq_edmund

Skill      XL: |  1  2  3  4  5  6  7  8 |
---------------+-------------------------+-----
Axes           | 2 3 4 |  4.5
Shields        | 4 5 6 |  6.1
Fighting       | 4 5 6 |  6.1
Armour         | 4 5 6 |  6.0

Action                   |  1- 3 |  4- 6 |  7- 9 || total
-------------------------+-------+-------+-------++-------
Melee: War axe           |    88 |   249 |   239 ||   576
       Unarmed           |       |     5 |       ||     5
  Use: Scroll            |       |       |    10 ||    10
       Potion            |       |       |     2 ||     2
  Eat: Chunk             |     1 |     9 |     4 ||    14
       Ration            |       |       |     1 ||     1
Armor: Scale mail        |    36 |    54 |       ||    90
       Plate armour      |       |   126 |   231 ||   357
Dodge: Dodged            |    25 |    82 |    43 ||   150
Block: Shield            |    54 |   160 |   156 ||   370
